 Dungeon Crawl Stone Soup version 0.18.1-48-g4cf74bf (webtiles) character file.

95 Gargoyl the Skirmisher (level 4, -2/37 HPs)
             Began as a Demonspawn Abyssal Knight on Sept 9, 2016.
             Was a Believer of Lugonu.
             Slain by an orc
             ... wielding a +0 trident
              (11 damage)
             ... on level 3 of the Dungeon.
             The game lasted 00:04:24 (2429 turns).

Gargoyl the Skirmisher (Demonspawn Abyssal Knight)  Turns: 2429, Time: 00:04:24

Health: -2/37      AC:  3    Str: 13    XL:     4   Next: 39%
Magic:  6/6        EV: 12    Int: 13    God:    Lugonu [**....]
Gold:   167        SH:  0    Dex: 13    Spells: 0 memorised, 3 levels left

rFire  + . .     SeeInvis .     a - +1 hand axe
rCold  + . .     Gourm    .     b - +0 leather armour
rNeg   . . .     Faith    .     (no shield)
rPois  +         Spirit   .     (no helmet)
rElec  +         Dismiss  .     (no cloak)
rCorr  +         Reflect  .     (no gloves)
SustAt .         Harm     .     (no boots)
MR     .....                    d - amulet of regeneration
Stlth  +.........               (no ring)
                                (no ring)

@: resistant, not resistant to hostile enchantments, very unstealthy
A: powered by pain 1, sturdy frame 1
a: Depart the Abyss, Bend Space, Renounce Religion


You were on level 3 of the Dungeon.
You worshipped Lugonu.
Lugonu was pleased with you.
You were not hungry.

You visited 1 branch of the dungeon, and saw 3 of its levels.
You visited the Abyss 1 time.

You collected 167 gold pieces.

Inventory:

Hand Weapons
 a - a +1 hand axe (weapon)
Armour
 b - a +0 leather armour (worn)
Jewellery
 d - an amulet of regeneration (around neck)
Wands
 l - a wand of disintegration (4/24)
Scrolls
 g - a scroll of magic mapping {unknown}
 h - a scroll of identify {unknown}
 i - a scroll of teleportation {unknown}
 j - 2 scrolls of random uselessness {unknown}
 o - a scroll of remove curse {unknown}
Comestibles
 c - 2 bread rations
 k - 2 chunks of flesh
 m - 3 fruits


   Skills:
 + Level 3.8 Fighting
 + Level 2.3 Axes
 + Level 2.1 Armour
 + Level 2.0 Dodging
 + Level 1.2 Stealth
 + Level 2.7 Invocations


You had 3 spell levels left.
You didn't know any spells.

Dungeon Overview and Level Annotations

Branches:
Dungeon (3/15)

Altars:


Innate Abilities, Weirdness & Mutations

You sometimes gain a little power by taking damage.
Your movements are slightly less encumbered by armour (ER -2).


Message History

The orc priest completely misses you. The orc hits you but does no damage.
The orc hits you with a short sword. The orc hits you but does no damage.
Drink which item? (? for menu, Esc to quit)
It was a potion of resistance.
You feel protected. The goblin closely misses you. The orc closely misses you.
The orc priest hits you with a club. The orc hits you with a short sword.
The orc closely misses you.
You barely miss the orc.
You hit the orc priest but do no damage.
You barely miss the goblin. You hit the orc.
The orc is moderately wounded.
You hit the orc.
The orc is lightly wounded.
The goblin barely misses you. The orc hits you with a short sword.
The orc barely misses you. The orc hits you but does no damage.
The orc priest hits you with a club.
* * * LOW HITPOINT WARNING * * *
The orc hits you from afar with a trident!
You die...

#...## ##...##
##'#######'#######+#### #
...........÷......(((.#.#
........................#
..................(...#
##'#######'#######'####
#...## ##...## ##(..##
.....###.....###oo...##
......#.......#.@oo...#
......#.......#wgo....#
..[...#...)÷..#...%...#
.....###.....###.....##
#...## ##...## ##...##
##### ##### #####


You could see an orc priest, a dart slug, 4 orcs and a goblin.

Vanquished Creatures
  3 adders
  An ooze (D:2)
  A worm (D:2)
  2 dart slugs
  A giant gecko (D:3)
  A giant cockroach (D:1)
  6 goblins
  7 hobgoblins
  2 jackals (D:1)
  7 bats
  5 giant newts
  7 kobolds
  14 rats
57 creatures vanquished.

Notes
Turn   | Place    | Note
--------------------------------------------------------------
     0 | Abyss:1  | Gargoyl the Demonspawn Abyssal Knight began the quest for the Orb.
     0 | Abyss:1  | Reached XP level 1. HP: 18/18 MP: 2/2
    59 | Abyss:1  | Noticed a starcursed mass
    62 | D:1      | Escaped the Abyss
   157 | D:1      | Reached * piety under Lugonu
   219 | D:1      | Gained mutation: You sometimes gain a little power by taking damage. [demonic ancestry]
   219 | D:1      | Reached XP level 2. HP: 13/24 MP: 3/3
   573 | D:1      | Reached skill level 1 in Dodging
   805 | D:1      | Gained mutation: Your movements are slightly less encumbered by armour (ER -2). [demonic ancestry]
   805 | D:1      | Reached XP level 3. HP: 22/29 MP: 5/5
  1354 | D:2      | Reached skill level 1 in Stealth
  1373 | D:2      | Reached ** piety under Lugonu
  2110 | D:3      | Reached XP level 4. HP: 35/37 MP: 6/6
  2429 | D:3      | Slain by an orc

Skill      XL: |  1  2  3  4 |
---------------+-------------+-----
Axes           | 2 |  2.3
Dodging        | 1 2 |  2.0
Stealth        | 1 |  1.2
Armour         | 2 |  2.1
Fighting       | |  3.8
Invocations    | |  2.7

Action                   |  1- 3 |  4- 6 || total
-------------------------+-------+-------++-------
Melee: Hand axe          |   121 |    50 ||   171
Invok: Depart the Abyss  |     1 |       ||     1
  Use: Potion            |       |     3 ||     3
 Stab: Sleeping          |     4 |     1 ||     5
  Eat: Chunk             |     3 |     2 ||     5
Armor: Leather armour    |    43 |    26 ||    69
       Skin              |       |     3 ||     3
Dodge: Dodged            |    93 |    54 ||   147
